 Dungeon Crawl Stone Soup version 0.29-a0-88-g03a7b78be7 (webtiles) character file.

Game seed: 16674396518356527243

4236 lordive the Covert (level 10, -2/48 HPs)
             Began as a Spriggan Enchanter on Feb 6, 2022.
             Was an Elder of Okawaru.
             Slain by an orc warrior (32 damage)
             ... in a bailey.
             The game lasted 00:28:22 (12733 turns).

lordive the Covert (Spriggan Enchanter)            Turns: 12733, Time: 00:28:23

Health: -2/48      AC:  4    Str:  4    XL:     10   Next: 9%
Magic:  3/23       EV: 19    Int: 22    God:    Okawaru [****..]
Gold:   601        SH:  0    Dex: 15    Spells: 4/25 levels left

rFire   . . .      SeeInvis +   u - +2 dagger (protect)
rCold   . . .      Faith    .   (no shield)
rNeg    . . .      Spirit   .   t - +2 robe {Will+}
rPois   .          Reflect  .   (helmet restricted)
rElec   .          Harm     .   (no cloak)
rCorr   .          Rampage  .   (gloves unavailable)
Will    ++...                   (boots unavailable)
Stlth   +++++.....              (no amulet)
HPRegen 0.16/turn               (no ring)
MPRegen 0.18/turn               (no ring)

@: confusing by touch, marked, very quick
A: very small, no large weapons, unfitting armour, see invisible, speed 3
a: Renounce Religion, Heroism, Finesse


You were in a bailey.
You worshipped Okawaru.
Okawaru was greatly pleased with you.
You visited 2 branches of the dungeon, and saw 8 of its levels.
You also visited: Bailey.

You collected 601 gold pieces.

Inventory:

Hand Weapons
 a - a +1 dagger
 u - a +2 dagger of protection (weapon)
 y - a +0 short sword of venom
Missiles
 w - 6 poisoned darts
 E - 15 boomerangs
Armour
 t - a +2 robe of willpower (worn)
Jewellery
 v - an amulet of reflection
 A - a ring of fire
 G - a ring of flight
Wands
 m - a wand of charming (4)
 o - a wand of iceblast (16)
 s - a wand of digging (4)
Scrolls
 b - 2 scrolls of magic mapping {unknown}
 d - 2 scrolls of fog {unknown}
 e - 2 scrolls of teleportation {unknown}
 i - 9 scrolls of identify {unknown}
 j - 2 scrolls of vulnerability {unknown}
 k - a scroll of fear {unknown}
 n - a scroll of enchant armour {unknown}
 p - 2 scrolls of noise {unknown}
 q - a scroll of blinking {unknown}
 x - a scroll of enchant weapon {unknown}
 B - 2 scrolls of amnesia {unknown}
 F - a scroll of silence {unknown}
 H - a scroll of holy word {unknown}
Potions
 c - a potion of invisibility
 f - 3 potions of curing
 g - a potion of ambrosia {unknown}
 h - 5 potions of flight
 l - 4 potions of attraction {unknown}
 r - 2 potions of brilliance {unknown}
 z - a potion of degeneration {unknown}
 C - 2 potions of heal wounds {unknown}
 D - a potion of resistance


   Skills:
 * Level 2.8 Fighting
 * Level 4.6 Short Blades
 * Level 2.3 Armour
 * Level 6.0 Dodging
 + Level 11.3 Stealth
 * Level 8.1 Spellcasting
 * Level 8.0 Hexes
 * Level 4.7 Translocations
 - Level 2.0 Ice Magic
 * Level 3.1 Invocations


You had 4 spell levels left.
You knew the following spells:

 Your Spells              Type           Power      Damage    Failure   Level
a - Ensorcelled Hibernat  Hex/Ice        62%        N/A       1%          2
b - Confusing Touch       Hex            44%        N/A       1%          3
c - Tukima's Dance        Hex            44%        N/A       1%          3
d - Dazzling Flash        Conj/Hex       52%        N/A       4%          3
e - Cause Fear            Hex            22%        N/A       2%          4
f - Teleport Other        Tloc           29%        N/A       3%          3
g - Mephitic Cloud        Conj/Pois/Air  8%         N/A       22%         3

Your spell library contained the following spells:

 Spells                   Type           Power      Damage    Failure   Level
 Blink                    Tloc           58%        N/A       1%          2
 Gell's Gravitas          Tloc           29%        N/A       3%          3
 Lesser Beckoning         Tloc           29%        N/A       3%          3
 Inner Flame              Hex/Fire       26%        N/A       4%          3
 Magic Dart               Conj           32%        1d4       8%          1
 Sandblast                Erth           16%        2d6       8%          1
 Passwall                 Tmut/Erth      6%         N/A       11%         2
 Stone Arrow              Conj/Erth      16%        3d8       22%         3
 Manifold Assault         Tloc           29%        N/A       28%         5
 Discord                  Hex            22%        N/A       100%        8
 Call Imp                 Summ           Unusable   N/A       N/A         2

Dungeon Overview and Level Annotations

Branches:
Dungeon (7/15)             Temple (1/1) D:4          Bailey (1/1)

Altars:
Ashenzari
Cheibriados
Dithmenos
Elyvilon
Fedhas
Gozag
Hepliaklqana
Kikubaaqudgha
Makhleb
Nemelex Xobeh
Okawaru
Qazlal
Ru
Sif Muna
Trog
Uskayaw
Vehumet
Wu Jian
Xom
Yredelemnul
Zin


Innate Abilities, Weirdness & Mutations

You are very small and have problems with some larger weapons.
You are too small for most types of armour.
You have supernaturally acute eyesight. (SInv)
You cover ground extremely quickly. (Speed+++)


Message History

Items here: )) [[.
The goblin struggles to resist.
The orc knight roars a battlecry!
The orc warriors go into a battle-frenzy!
The goblin struggles to resist.
The goblin completely misses you.
Casting: Ensorcelled Hibernation (safe; 1% risk of failure)
Confirm with . or Enter, or press ? or * to list all spells.
Your hands begin to glow red.
The goblin completely misses you.
You hit the goblin but do no damage.
The goblin splashes around in the water.
You hit the goblin but do no damage.
The goblin appears confused.
The goblin misses you.
Casting: Confusing Touch (safe; 1% risk of failure)
Confirm with . or Enter, or press ? or * to list all spells.
Your hands begin to glow red.
The goblin laughs crazily.
The goblin falls into the water!
The goblin drowns.
Okawaru accepts your kill.
You hear a splash. x2
You hit the orc knight but do no damage.
The orc knight appears confused.
The orc knight falls into the water!
The orc knight drowns.
Okawaru is honoured by your kill.
You can now speed up your combat.
Okawaru grants you ammunition! Something appears at your feet!
You hear a splash. x2
Your Dodging skill increases to level 6!
Your Spellcasting skill increases to level 8!
Your Hexes skill increases to level 8!
Your Invocations skill increases to level 3!
You have reached level 10!
You feel clever.
Casting: Confusing Touch (safe; 1% risk of failure)
Confirm with . or Enter, or press ? or * to list all spells.
Your hands begin to glow red.
You closely miss the orc warrior.
The orc warrior hits you with a +0 war axe!!
Ouch! That really hurt!
You die...

##.. ####... ####.....#
###.......##
####....).∩..##
####.......).)...#
###..†.....≈≈≈≈≈≈≈≈≈
##.......≈≈≈≈≈≈≈≈≈≈≈≈
##...@..≈≈≈≈≈#########
###....o≈≈≈≈≈≈∩#ogo....#
##≈≈≈≈≈≈≈o≈≈.####.o.....#
≈≈≈≈≈≈≈..g...#..####'####
#####......###.... ...
###...).#.'.o###
#....)).###..#
#.....⌠....#..#
##.........#'## #


You could see 2 orc warriors and a gnoll.

Vanquished Creatures
  A two-headed ogre (D:7)
  An orc knight (Bailey)
  Pikel (D:3)
  Sigmund (D:2)
  A steam dragon (D:7)
  A water moccasin (D:6)
  An ice beast (D:5)
  5 orc warriors (Bailey)
  2 ogres (D:6)
  2 lemures (D:3)
  A phantom (D:6)
  A kobold brigand (D:6)
  A bullfrog (D:4)
  3 scorpions
  A wyvern skeleton (D:7)
  9 wights (D:6)
  A howler monkey (D:6)
  3 hounds
  A jelly (D:6)
  A gnoll shaman (D:3)
  2 centaur skeletons
  7 iguanas
  Ijyb (D:4)
  4 orc wizards
  A howler monkey zombie (D:7)
  Robin (D:2)
  8 gnolls
  A howler monkey skeleton (D:5)
  7 adders
  A shadow imp (D:5)
  A white imp (D:6)
  2 ufetubi
  3 worms
  2 dart slugs
  23 orcs
  2 bats (D:1)
  8 endoplasms
  6 giant cockroaches
  14 goblins
  13 hobgoblins
  3 jackals
  14 kobolds
  6 quokkas
  9 ball pythons
  6 frilled lizards
  5 rats
188 creatures vanquished.

Vanquished Creatures (others)
  A dancing weapon (D:3)
  A goblin (D:2)
  6 fungi (D:6)
  A plant (D:4)
9 creatures vanquished.

Grand Total: 197 creatures vanquished

Notes
Turn   | Place    | Note
-------+----------+-------------------------------------------
     0 | D:1      | lordive the Spriggan Enchanter began the quest for the Orb.
     0 | D:1      | Reached XP level 1. HP: 9/9 MP: 5/5
   448 | D:1      | Reached skill level 5 in Stealth
   452 | D:1      | Reached XP level 2. HP: 10/13 MP: 6/6
   491 | D:1      | Learned a level 2 spell: Ensorcelled Hibernation
  1283 | D:1      | Reached XP level 3. HP: 16/16 MP: 8/8
  1287 | D:1      | Learned a level 3 spell: Confusing Touch
  1895 | D:4      | Reached skill level 6 in Stealth
  1910 | D:4      | Reached XP level 4. HP: 21/21 MP: 6/9
  1918 | D:4      | Noticed a scorpion
  2314 | D:4      | Killed a scorpion
  2315 | D:4      | Reached XP level 5. HP: 24/25 MP: 5/11
  2426 | D:4      | Noticed a lemure
  2426 | D:4      | Noticed a lemure
  2427 | D:4      | Noticed Pikel
  2427 | D:4      | Noticed a lemure
  2427 | D:4      | Noticed a lemure
  2689 | D:3      | Found a broken altar of Ashenzari.
  2832 | D:3      | Reached skill level 7 in Stealth
  4465 | D:3      | Killed a lemure
  4673 | D:3      | Killed a lemure
  5087 | D:3      | Reached skill level 1 in Ice Magic
  5291 | D:4      | Noticed Ijyb
  5309 | D:3      | Reached XP level 6. HP: 25/29 MP: 3/12
  5382 | D:3      | Learned a level 3 spell: Tukima's Dance
  5558 | D:4      | Killed Ijyb
  5559 | D:4      | Reached skill level 8 in Stealth
  5975 | D:3      | HP: 1/29 [Pikel (7)]
  5976 | D:3      | Killed Pikel
  5977 | D:3      | Reached skill level 1 in Fighting
  5977 | D:3      | Reached skill level 5 in Spellcasting
  5977 | D:3      | Reached skill level 5 in Hexes
  5977 | D:3      | Reached XP level 7. HP: 1/33 MP: 1/16
  6465 | D:4      | Found a staircase to the Ecumenical Temple.
  6488 | Temple   | Entered the Ecumenical Temple
  6595 | Temple   | Became a worshipper of Warmaster Okawaru
  6638 | D:4      | Found an ornate altar of the Wu Jian Council.
  7081 | D:2      | Noticed Sigmund
  7091 | D:2      | Killed Sigmund
  7092 | D:2      | Reached skill level 9 in Stealth
  7092 | D:2      | Reached XP level 8. HP: 37/37 MP: 12/17
  7630 | D:2      | Noticed Robin
  7769 | D:2      | Killed Robin
  8043 | D:2      | Learned a level 3 spell: Dazzling Flash
  8245 | D:5      | Entered Level 5 of the Dungeon
  8523 | D:5      | Reached skill level 1 in Translocations
  8572 | D:5      | Reached * piety under Okawaru
  8770 | D:5      | Reached skill level 1 in Invocations
  9403 | D:5      | Found a shadowy altar of Dithmenos.
  9412 | D:5      | Found a shimmering altar of Xom.
  9442 | D:6      | Reached skill level 10 in Stealth
  9503 | D:6      | Reached skill level 1 in Armour
  9757 | D:6      | Found a white marble altar of Elyvilon.
 10267 | D:6      | Reached ** piety under Okawaru
 10268 | D:6      | Reached XP level 9. HP: 42/42 MP: 17/20
 10357 | D:6      | Found an opulent altar of Gozag.
 10380 | D:6      | Reached skill level 5 in Dodging
 10632 | D:6      | Learned a level 4 spell: Cause Fear
 10636 | D:6      | Learned a level 3 spell: Teleport Other
 10640 | D:6      | Learned a level 3 spell: Mephitic Cloud
 11134 | D:7      | Found a flagged portal.
 11653 | D:7      | Noticed a two-headed ogre
 11666 | D:7      | Killed a two-headed ogre
 11666 | D:7      | Reached *** piety under Okawaru
 11667 | D:7      | Reached skill level 11 in Stealth
 11729 | Bailey   | Entered a bailey
 11950 | Bailey   | Noticed an orc knight
 12731 | Bailey   | Killed an orc knight
 12731 | Bailey   | Reached **** piety under Okawaru
 12731 | Bailey   | Received a gift from Okawaru
 12732 | Bailey   | Reached XP level 10. HP: 30/48 MP: 6/23
 12733 | Bailey   | Slain by an orc warrior

Illustrated notes

Levels and vault maps discovered:
D:1:      matt_arrival_grand_opening, layout_basic, minmay_bisected
D:2:      layout_loops_corners, minmay_small_reverse_x, uniq_sigmund, uniq_robin
D:3:      layout_basic, nicolae_ashenzari_skybound
D:4:      layout_cave_pools, nzn_wu_jian_contemplation,
          minmay_temple_entry_statues_fountains, nicolae_ossuary_entry_monument,
          st_stairs_13, serial_bayou_pond_a, minmay_quantized, uniq_ijyb,
          uniq_pikel
D:5:      layout_loops_ring, mainiacjoe_overflow_swirl
D:6:      layout_loops_corners, amcnicky_altar_gilded,
          mainiacjoe_overflow_chevrons
D:7:      layout_loops_cross, nicolae_tso_swordbearing_angel, enter_bailey_6
Temple:   eino_wide_crystal_templ
Bailey:   bailey_axe_4, bailey

Skill      XL: |  1  2  3  4  5  6  7  8  9 |
---------------+----------------------------+-----
Stealth        | 5 6 7 8 9 10 11 | 11.3
Dodging        | 3 4 6 |  6.0
Hexes          | 4 5 6 8 |  8.0
Short Blades   | 2 3 4 |  4.6
Spellcasting   | 3 5 6 8 |  8.1
Ice Magic      | 1 2 |  2.0
Fighting       | 1 2 |  2.8
Translocations | 2 4 |  4.7
Invocations    | 1 3 |  3.1
Armour         | 1 2 |  2.3

Action                   |  1- 3 |  4- 6 |  7- 9 | 10-12 || total
-------------------------+-------+-------+-------+-------++-------
Melee: Dagger            |    78 |    78 |   218 |     1 ||   375
       Punch             |     2 |     1 |     2 |       ||     5
 Cast: Ensorcelled Hiber |    15 |    66 |   112 |       ||   193
       Confusing Touch   |       |     3 |    22 |     1 ||    26
       Tukima's Dance    |       |     4 |       |       ||     4
       Teleport Other    |       |       |     2 |       ||     2
  Use: Potion            |       |       |     1 |       ||     1
 Stab: Sleeping          |    29 |    37 |    89 |       ||   155
       Confused          |       |     3 |    17 |       ||    20
Armor: Robe              |     6 |     7 |    30 |       ||    43
Dodge: Dodged            |    43 |   109 |   153 |       ||   305

Table legend: (Time is in decaauts)
 A = Elapsed time spent in this place.
 B = Non-inter-level travel time spent in this place.
 C = Inter-level travel time spent in this place.
 D = Time resting spent in this place.
 E = Time spent auto-exploring this place.
 F = Levels seen in this place.
 G = Mean time per level.
                   A        B        C        D        E       F      G
               +--------+--------+--------+--------+--------+-----+--------+
         Total |  10206 |   9818 |    388 |   3592 |   4385 |   9 | 1134.0 |
       Dungeon |   9272 |   8933 |    339 |   3152 |   4226 |   7 | 1324.6 |
        Temple |     74 |     26 |     48 |      0 |     18 |   1 |   74.0 |
        Bailey |    858 |    858 |      0 |    440 |    141 |   1 |  858.0 |
               +--------+--------+--------+--------+--------+-----+--------+

Top non-repeatable levels by time:
     D:3: 2835 daAuts
     D:2: 1508 daAuts
     D:1: 1421 daAuts
     D:6: 1281 daAuts
     D:5: 1116 daAuts
  Bailey: 858 daAuts
     D:4: 831 daAuts
     D:7: 279 daAuts
  Temple: 74 daAuts
